Map: Lerilakgipfel

Players

Karenin - Winner!

  • Race: Zerg Zerg

K.I.-1 (Extrem)

  • Race: Protoss Protoss

VOD

Have the link to the VOD?

Description

Time

  • Played on: Feb. 11, 2016, 10:21 p.m.
  • Length: 24:08
Show
View Real Time Build Order
Export as new Build Order

Karenin Zerg - Winner!

Build Orders: Hatch First 

Get SALT Encoding   

  12  0:07  Overlord  
  12  0:13  Drone  
  13  0:17  Drone  
  14  0:26  Drone  
  15  0:30  Drone  
  16  0:41  Drone  
  17  0:51  Drone  
  18  1:07  Drone  
  19  1:12  Hatchery  
  18  1:22  Spawning Pool  
  17  1:26  Drone  
  17  1:29  Drone  
  19  1:46  Extractor  
  18  1:51  Drone x2  
  20  1:57  Hatchery  
  19  2:09  Drone  
  19  2:10  Overlord  
  20  2:20  Drone  
  21  2:30  Roach Warren  
  21  2:31  Drone  
  21  2:32  Drone  
  22  2:40  Extractor  
  21  2:44  Queen  
  21  2:45  Queen  
  21  2:48  Drone x3  
  28  2:55  Drone  
  29  3:01  Drone  
  29  3:02  Drone  
  31  3:07  Drone  
  31  3:12  Drone x2  
  34  3:26  Queen  
  36  3:32  Lair  
  36  3:33  Queen  
  38  3:36  Drone  
  38  3:37  Drone  
  38  3:39  Roach  
  42  3:42  Overlord  
  42  3:45  Overlord  
  42  4:04  Drone x9  
  42  4:06  Drone  
  52  4:16  Evolution Chamber  
  51  4:17  Evolution Chamber  
  50  4:29  Roach x4  
  58  4:32  Overlord x2  
  58  4:38  Extractor  
  58  4:39  Extractor  
  56  4:46  Zerg Ground Armor Level 1  
  56  4:51  Zerg Missile Weapons Level 1  
  56  4:53  Roach  
  56  4:54  Roach x3  
  64  5:12  Drone x2  
  64  5:13  Drone  
  67  5:14  Drone x3  
  67  5:18  Drone x4  
  67  5:19  Overlord  
  67  5:20  Overlord x2  
  74  5:28  Glial Reconstitution  
  74  5:31  Overlord  
  74  5:32  Overlord  
  74  5:43  Drone  
  74  5:44  Drone x8  
  74  5:46  Drone  
  74  5:48  Drone  
  74  5:49  Drone  
  86  5:55  Roach  
  86  5:56  Roach x2  
  92  5:57  Roach  
  92  6:00  Roach  
  96  6:21  Drone x4  
  96  6:23  Drone  
  96  6:24  Drone x3  
  104  6:27  Extractor x2  
  104  6:28  Roach  
  104  6:29  Roach x5  
  104  6:32  Overlord  
  114  6:50  Roach x4  
  122  6:56  Overlord x5  
  122  6:57  Overlord x4  
  122  7:07  Zerg Ground Armor Level 2  
  122  7:08  Zerg Missile Weapons Level 2  
  122  7:15  Infestation Pit, Hydralisk Den  
  121  7:17  Drone  
  121  7:18  Drone  
  121  7:20  Overlord x3  
  121  7:21  Overlord  
  122  7:23  Roach  
  122  7:24  Roach x4  
  132  7:38  Ravager x4  
  132  7:39  Ravager x2  
  132  7:41  Ravager  
  139  8:01  Overlord  
  139  8:02  Overlord x7  
  139  8:07  Hydralisk x3  
  145  8:14  Muscular Augments  
  145  8:16  Hive  
  145  8:24  Hydralisk  
  145  8:25  Hydralisk x2  
  151  8:46  Hydralisk  
  151  8:47  Hydralisk x6  
  151  8:48  Roach  
  167  8:49  Roach  
  169  9:02  Drone x2  
  171  9:03  Drone  
  172  9:15  Hatchery  
  172  9:16  Extractor  
  170  9:17  Hydralisk  
  170  9:18  Roach x2, Extractor, Hydralisk x4  
  170  9:19  Roach x4  
  191  9:44  Zerg Missile Weapons Level 3, Zerg Ground Armor Level 3  
  111  11:17  Hydralisk  
  111  11:18  Roach x3, Hydralisk x4  
  117  11:19  Roach x4, Hydralisk x5  
  117  11:20  Roach x5, Hydralisk x2  
  117  11:21  Roach  
  157  11:56  Roach x14  
  157  11:57  Roach  
  187  12:26  Extractor, Hatchery  
  185  12:30  Extractor  
  184  12:37  Pathogen Glands  
  184  13:02  Ravager x4  
  184  13:03  Ravager x3  
  133  14:28  Pneumatized Carapace  
  133  14:29  Overseer  
  133  14:32  Overseer  
  133  14:36  Roach x2, Hydralisk x4  
  133  14:37  Roach x3, Hydralisk x4  
  133  14:38  Roach x4, Hydralisk x4  
  167  14:39  Roach x4, Hydralisk x4  
  167  14:40  Roach x4  
  193  15:23  Drone x3  
  188  16:12  Extractor  
  188  16:13  Extractor  
  188  16:14  Drone  
  187  16:38  Roach x6  
  199  16:53  Hatchery  
  198  17:10  Lurker Den  
  169  18:52  Infestor x3  
  169  18:53  Infestor x3  
  169  18:54  Infestor x2  
  185  19:07  Roach, Hydralisk x3  
  185  19:08  Roach x3  
  199  19:24  Hatchery  
  199  19:25  Extractor  
  199  19:28  Extractor  
  150  20:50  Roach  
  150  20:51  Roach x3, Hydralisk x2  
  150  20:52  Roach x2, Hydralisk  
  150  20:53  Roach x2, Hydralisk  
  150  20:54  Roach x4, Hydralisk x2  
  150  20:55  Roach  
  150  20:56  Roach x3, Hydralisk x2  
  198  20:58  Roach  
Show
View Real Time Build Order
Export as new Build Order

K.I.-1 (Extrem) Protoss 

Build Orders: 1 Gate Expand 

Get SALT Encoding   

  12  0:01  Probe (Chrono Boost)  
  13  0:11  Probe (Chrono Boost)  
  14  0:20  Pylon  
  14  0:22  Probe (Chrono Boost)  
  15  0:38  Probe (Chrono Boost)  
  16  0:48  Probe (Chrono Boost)  
  17  0:51  Gateway  
  17  0:59  Probe (Chrono Boost)  
  18  1:09  Probe (Chrono Boost)  
  19  1:15  Nexus  
  19  1:20  Probe (Chrono Boost)  
  20  1:31  Probe (Chrono Boost)  
  21  1:35  Zealot  
  21  1:36  Pylon  
  23  1:47  Cybernetics Core  
  23  1:49  Assimilator  
  24  1:55  Probe (Chrono Boost)  
  24  2:05  Probe (Chrono Boost)  
  25  2:16  Probe (Chrono Boost)  
  26  2:24  Pylon  
  26  2:26  Probe (Chrono Boost)  
  26  2:27  Probe (Chrono Boost), Warp Gate  
  29  2:37  Probe (Chrono Boost)  
  29  2:38  Gateway  
  29  2:42  Assimilator  
  29  2:43  Probe (Chrono Boost)  
  30  2:50  Stalker  
  30  2:54  Pylon  
  30  2:55  Probe (Chrono Boost)  
  34  2:58  Probe (Chrono Boost)  
  34  3:07  Probe (Chrono Boost)  
  34  3:10  Probe (Chrono Boost)  
  36  3:19  Adept  
  36  3:24  Adept, Probe (Chrono Boost)  
  36  3:26  Probe (Chrono Boost)  
  42  3:30  Robotics Facility  
  43  3:35  Probe (Chrono Boost)  
  43  3:37  Probe (Chrono Boost)  
  44  3:44  Adept  
  44  3:46  Probe (Chrono Boost)  
  44  3:48  Probe (Chrono Boost)  
  48  3:49  Adept  
  50  3:58  Probe (Chrono Boost)  
  50  4:00  Probe (Chrono Boost)  
  52  4:08  Adept  
  53  4:10  Probe (Chrono Boost)  
  53  4:11  Probe (Chrono Boost)  
  53  4:12  Pylon  
  53  4:14  Adept  
  58  4:21  Probe (Chrono Boost)  
  59  4:24  Pylon  
  59  4:26  Robotics Bay  
  59  4:37  Gateway, Observer  
  59  4:41  Probe (Chrono Boost)  
  59  4:42  Pylon  
  59  4:43  Probe (Chrono Boost)  
  62  5:01  Robotics Facility  
  62  5:06  Stalker, Pylon, Zealot  
  66  5:23  Pylon  
  66  5:24  Stalker  
  66  5:25  Gateway  
  66  5:26  Zealot  
  70  5:30  Zealot  
  72  5:45  Stalker, Zealot  
  72  5:46  Assimilator, Probe x2 (Chrono Boost)  
  78  5:50  Twilight Council  
  78  5:54  Forge  
  78  5:55  Assimilator  
  78  5:56  Nexus  
  78  5:57  Pylon  
  78  6:03  Sentry  
  80  6:09  Probe (Chrono Boost)  
  81  6:18  Probe (Chrono Boost)  
  82  6:20  Probe (Chrono Boost)  
  82  6:23  Forge  
  83  6:28  Probe (Chrono Boost)  
  83  6:32  Pylon  
  84  6:35  Photon Cannon  
  84  6:42  Photon Cannon  
  84  6:48  Photon Cannon  
  84  6:53  Photon Cannon  
  84  6:56  Gateway  
  84  6:58  Warp Prism  
  84  7:00  Templar Archives  
  84  7:01  Warp Prism  
  84  7:03  Stalker  
  84  7:07  Stalker  
  94  7:08  Probe (Chrono Boost)  
  94  7:09  Probe (Chrono Boost)  
  94  7:10  Probe (Chrono Boost), Zealot x2  
  99  7:16  Assimilator, Nexus  
  99  7:20  Probe (Chrono Boost)  
  99  7:21  Probe (Chrono Boost)  
  99  7:22  Probe (Chrono Boost)  
  102  7:25  Zealot  
  102  7:28  Zealot  
  102  7:29  Stalker, Zealot  
  110  7:32  Probe (Chrono Boost)  
  110  7:34  Probe (Chrono Boost)  
  110  7:35  Probe (Chrono Boost), Pylon  
  113  7:43  Probe (Chrono Boost)  
  114  7:45  High Templar, Probe (Chrono Boost)  
  114  7:47  Probe (Chrono Boost), Zealot  
  114  7:48  Stalker  
  114  7:50  Sentry, Zealot  
  126  7:55  Probe (Chrono Boost)  
  126  7:57  Probe (Chrono Boost), Pylon  
  126  7:58  Probe (Chrono Boost)  
  129  8:06  Probe (Chrono Boost)  
  129  8:07  High Templar  
  129  8:08  Probe (Chrono Boost)  
  129  8:09  Probe (Chrono Boost)  
  129  8:11  Zealot x2  
  129  8:12  Archon, Zealot  
  140  8:16  Zealot  
  140  8:17  Probe (Chrono Boost), Pylon  
  143  8:26  Immortal  
  143  8:29  High Templar  
  143  8:30  Zealot x2  
  143  8:31  Immortal  
  157  8:35  High Templar  
  157  8:38  Pylon, Zealot  
  161  8:42  Archon  
  161  8:49  High Templar  
  161  8:50  High Templar  
  161  8:54  Assimilator  
  161  8:55  Assimilator  
  165  8:57  High Templar, Archon  
  165  9:02  Pylon  
  167  9:04  Assimilator, High Templar, Observer  
  167  9:08  Observer  
  170  9:12  Archon  
  170  9:16  High Templar  
  173  9:21  Immortal  
  173  9:22  Pylon  
  173  9:25  Immortal  
  181  9:35  High Templar  
  183  9:41  Archon  
  183  9:42  High Templar  
  183  9:43  Pylon  
  185  9:49  Photon Cannon  
  185  9:50  High Templar  
  186  9:53  Probe x2 (Chrono Boost), Pylon  
  186  9:55  Probe (Chrono Boost)  
  186  9:59  Immortal  
  186  10:01  Stalker  
  186  10:05  Probe (Chrono Boost)  
  186  10:06  Stalker  
  177  10:07  Probe (Chrono Boost)  
  177  10:08  Immortal  
  177  10:09  Zealot  
  177  10:13  Zealot  
  155  10:20  High Templar  
  135  10:24  Zealot  
  123  10:28  Probe (Chrono Boost)  
  123  10:29  Probe (Chrono Boost)  
  123  10:30  High Templar  
  123  10:31  Adept, Probe (Chrono Boost)  
  123  10:32  Zealot  
  129  10:42  Stalker  
  127  10:50  Stalker  
  127  10:51  Adept, Zealot  
  119  11:00  Zealot  
  119  11:03  Zealot  
  109  11:09  Zealot  
  109  11:10  Adept  
  109  11:11  Stalker, Protoss Ground Weapons Level 1  
  109  11:12  Photon Cannon  
  109  11:18  Sentry  
  109  11:22  Stalker  
  109  11:24  Nexus  
  113  11:26  Pylon  
  113  11:28  Gateway, Stalker  
  113  11:29  Zealot  
  113  11:32  Stalker  
  119  11:33  Protoss Ground Armor Level 1  
  119  11:34  Pylon  
  119  11:40  Stalker  
  119  11:43  Assimilator, High Templar  
  119  11:47  Zealot  
  119  11:50  Zealot  
  119  11:52  Assimilator, Immortal  
  111  11:54  Photon Cannon, Zealot  
  111  11:58  Immortal  
  117  12:02  Stalker  
  117  12:06  Sentry  
  121  12:10  Adept  
  121  12:13  Stalker, Zealot  
  127  12:22  Zealot  
  129  12:23  Psionic Storm, Zealot  
  129  12:28  Stalker  
  129  12:29  Immortal, Zealot  
  135  12:32  Stalker  
  135  12:35  High Templar  
  143  12:39  Archon  
  143  12:42  High Templar, Zealot  
  147  12:49  High Templar, Adept  
  151  12:54  Zealot  
  151  12:55  Archon  
  151  12:56  Colossus  
  153  13:00  Nexus  
  153  13:01  Zealot  
  161  13:05  Colossus  
  161  13:07  Adept  
  161  13:09  Stalker  
  171  13:17  Charge  
  171  13:27  Protoss Ground Weapons Level 2  
  171  13:28  Photon Cannon  
  171  13:34  Pylon  
  171  13:38  Photon Cannon  
  171  13:42  Photon Cannon  
  171  13:43  Zealot x2  
  171  13:44  Zealot  
  171  13:47  Zealot  
  171  13:48  Immortal  
  179  13:51  Probe (Chrono Boost)  
  179  13:52  Probe (Chrono Boost)  
  179  13:54  Probe (Chrono Boost)  
  154  14:02  Probe (Chrono Boost)  
  115  14:13  Sentry  
  91  14:17  Zealot  
  91  14:21  Adept  
  79  14:26  Stalker  
  79  14:30  Stalker  
  83  14:33  Stalker  
  83  14:37  Stalker  
  87  14:39  Zealot  
  87  14:42  Adept  
  87  14:44  Probe (Chrono Boost)  
  93  14:46  Probe (Chrono Boost)  
  93  14:47  Probe (Chrono Boost)  
  93  14:48  Probe (Chrono Boost)  
  93  14:50  Adept  
  93  14:52  Sentry  
  93  14:55  Zealot  
  93  14:56  Probe (Chrono Boost)  
  93  14:58  Zealot  
  93  15:00  Probe (Chrono Boost)  
  93  15:01  Probe (Chrono Boost)  
  93  15:03  Stalker  
  93  15:06  Stalker  
  98  15:09  Immortal  
  98  15:10  Nexus  
  102  15:15  Immortal  
  102  15:20  Zealot  
  108  15:23  Zealot  
  108  15:25  Zealot  
  108  15:27  Zealot  
  114  15:30  Zealot  
  114  15:32  Zealot  
  118  15:39  Zealot  
  118  15:42  Zealot  
  112  15:44  Adept  
  112  15:46  Zealot  
  112  15:48  Stalker  
  108  15:51  Sentry  
  110  15:58  Zealot  
  110  16:00  Adept  
  110  16:02  Zealot  
  116  16:04  Zealot  
  116  16:10  Zealot  
  120  16:12  Zealot  
  120  16:16  Stalker  
  124  16:18  Stalker  
  124  16:20  Zealot  
  124  16:23  Zealot  
  130  16:28  Zealot  
  130  16:31  Zealot  
  134  16:37  Stalker  
  134  16:38  Zealot  
  134  16:39  Zealot  
  140  16:41  Stalker  
  140  16:43  Immortal  
  142  16:49  Immortal  
  150  17:18  Immortal  
  150  17:22  Colossus  
  145  17:24  Probe x3 (Chrono Boost)  
  145  17:26  Probe (Chrono Boost)  
  142  17:34  Probe (Chrono Boost)  
  143  17:43  Probe (Chrono Boost)  
  143  17:45  Probe (Chrono Boost)  
  143  17:46  Probe (Chrono Boost)  
  141  17:54  Immortal  
  141  17:58  Probe (Chrono Boost)  
  109  18:01  Stalker, Adept, Sentry, Zealot  
  109  18:02  Zealot  
  92  18:07  Stalker  
  92  18:11  Immortal  
  76  18:20  Nexus  
  76  18:26  Colossus  
  82  18:56  Stalker  
  82  18:57  Nexus  
  82  19:02  Stalker  
  86  19:07  Adept  
  88  19:11  Probe (Chrono Boost)  
  88  19:14  Probe (Chrono Boost)  
  88  19:16  Probe (Chrono Boost)  
  91  19:22  Probe (Chrono Boost)  
  92  19:25  Probe (Chrono Boost)  
  92  19:27  Probe (Chrono Boost)  
  94  19:32  Stalker  
  94  19:33  Probe (Chrono Boost)  
  94  19:35  Probe (Chrono Boost)  
  98  19:39  Probe (Chrono Boost)  
  98  19:41  Probe (Chrono Boost)  
  98  19:45  Probe (Chrono Boost)  
  101  19:49  Probe (Chrono Boost)  
  101  19:51  Probe (Chrono Boost)  
  103  19:54  Probe (Chrono Boost)  
  103  19:57  Probe (Chrono Boost)  
  105  20:00  Probe (Chrono Boost)  
  105  20:02  Probe (Chrono Boost)  
  107  20:07  Stalker, Probe (Chrono Boost)  
  108  20:16  Adept, Zealot  
  108  20:17  Sentry  
  88  20:24  Stalker  
  39  20:49  Zealot  
  41  20:50  Adept  
  41  20:51  Stalker x2, Sentry  
  48  21:11  Stalker  
  48  21:16  Stalker  
  52  21:20  Zealot  
  52  21:23  Adept  
  52  21:25  Nexus  
  56  21:26  Probe (Chrono Boost)  
  56  21:28  Probe (Chrono Boost)  
  56  21:30  Probe (Chrono Boost)  
  60  21:33  Probe (Chrono Boost)  
  60  21:37  Probe (Chrono Boost)  
  60  21:39  Probe (Chrono Boost)  
  62  21:40  Stalker  
  62  21:42  Probe (Chrono Boost)  
  62  21:44  Probe (Chrono Boost)  
  66  21:48  Probe (Chrono Boost)  
  67  22:03  Probe (Chrono Boost)  
  67  22:05  Probe (Chrono Boost)  
  67  22:07  Probe (Chrono Boost)  
  70  22:09  Probe (Chrono Boost)  
  70  22:12  Nexus  
  70  22:14  Stalker, Probe (Chrono Boost)  
  74  22:18  Immortal  
  77  22:32  Probe (Chrono Boost)  
  77  22:34  Immortal  
  56  23:10  Probe (Chrono Boost)  
  56  23:12  Probe (Chrono Boost)  
  31  23:20  Probe (Chrono Boost)  
  20  23:27  Probe (Chrono Boost)  
Tags
 
Add a new tag
Caveats
  • Supply blocks, unpowered buildings, or Contaminate may cause inaccurate times.
  • Supply counts are checked every 10 seconds.